[Event "Titled Tuesday Blitz March 22 Early 2022"]
[White "Narayanan.S.L"]
[Black "Samunenkov, Ihor"]
[WhiteFideId "5058422"]
[BlackFideId "14187086"]
[WhiteElo "2494"]
[BlackElo "2409"]
[Result "1-0"]
[Round "04"]
[TimeControl "180+1"]
[Date "2022.03.22"]
[WhiteClock "0:00:15"]
[BlackClock "0:00:01"]

1. d4 d5 2. Nf3 Nf6 3. e3 e6 4. Bd3 Be7 5. O-O O-O 6. Qe2 b6 7. Rd1 Bb7 8. Nbd2 c5 9. dxc5 bxc5 10. c4 Nc6 11. b3 Qc7 12. Bb2 Rad8 13. Rac1 d4 14. exd4 Nxd4 15. Nxd4 cxd4 16. c5 Nd5 17. Qe4 g6 18. Nf3 Nc3 19. Qg4 Nxd1 20. Rxd1 Bxf3 21. Qxf3 Qxc5 22. g3 e5 23. h4 h5 24. Re1 Qd5 25. Be4 Qd6 26. Bd3 Qf6 27. Qe4 Bd6 28. Bc1 Rc8 29. Bg5 Qg7 30. Qf3 Rfe8 31. Bf6 Qh6 32. Bg5 Qg7 33. Bf6 Qf8 34. Bc4 Rxc4 35. bxc4 Re6 36. Bg5 Qc8 37. Rc1 e4 38. Qb3 e3 39. c5 exf2+ 40. Kxf2 Bc7 41. Qd5 Qe8 42. Qxd4 Re2+ 43. Kf3 Rxa2 44. Be3 Qc6+ 45. Qe4 Qxe4+ 46. Kxe4 Ra4+ 47. Kf3 1-0


[Site "https://www.chess.com"]

[Event "Titled Tuesday Blitz March 22 Early 2022"]
[White "Nenezic, Marko"]
[Black "Brunner, Nicolas"]
[WhiteFideId "912123"]
[BlackFideId "620246"]
[WhiteElo "2457"]
[BlackElo "2372"]
[Result "0-1"]
[Round "04"]
[TimeControl "180+1"]
[Date "2022.03.22"]
[WhiteClock "0:00:05"]
[BlackClock "0:00:08"]

1. Nf3 c5 2. c4 Nc6 3. d4 cxd4 4. Nxd4 Nf6 5. Nc3 e6 6. Bf4 d5 7. e3 Bb4 8. Nxc6 bxc6 9. Qa4 Qb6 10. Bd3 O-O 11. O-O Re8 12. a3 Bf8 13. b4 h6 14. Be5 Ng4 15. Bg3 a5 16. cxd5 Nxe3 17. Rfe1 Ng4 18. Qxc6 Qxc6 19. dxc6 axb4 20. axb4 Rxa1 21. Rxa1 Bxb4 22. Nb5 e5 23. h3 Nf6 24. Ra8 e4 25. Bc4 Bf5 26. Ra7 Bg6 27. Bd6 Bd2 28. c7 e3 29. fxe3 Bxe3+ 30. Kh2 Bxa7 31. Nxa7 Bf5 32. Ba6 Ne4 33. Bf4 g5 34. Bg3 Nxg3 35. Kxg3 Re3+ 36. Kf2 Ra3 37. Nc6 Rxa6 38. Ne7+ Kf8 39. Nxf5 Rc6 40. Nxh6 Rxc7 41. g4 Rc3 42. Kg2 Ke7 43. Kh2 Ke6 44. Kg2 f6 45. Nf5 Ke5 46. Ne7 Rc2+ 47. Kf3 Rc3+ 48. Kg2 Ra3 49. Kh2 Ke4 50. Kg2 Ra2+ 51. Kg3 Ra7 52. Nf5 Ra3+ 53. Kg2 Kf4 0-1


[Site "https://www.chess.com"]

[Event "Titled Tuesday Blitz March 22 Early 2022"]
[White "Omelja, Artem"]
[Black "Chen, Qi b"]
[WhiteFideId "14119846"]
[BlackFideId "8614733"]
[WhiteElo "2382"]
[BlackElo "2432"]
[Result "1-0"]
[Round "04"]
[TimeControl "180+1"]
[Date "2022.03.22"]
[WhiteClock "0:00:02"]
[BlackClock "0:00:04"]

1. d4 Nf6 2. c4 g6 3. Nc3 d5 4. Bg5 Ne4 5. Bh4 Nxc3 6. bxc3 dxc4 7. e3 Be6 8. Nh3 h6 9. Nf4 Bd7 10. Bxc4 g5 11. Qh5 e6 12. Bxe6 Bxe6 13. Nxe6 Qd6 14. Nxg5 hxg5 15. Qxh8 gxh4 16. Qxh4 Qc6 17. O-O Nd7 18. Rab1 Be7 19. Qh8+ Nf8 20. Qh3 b6 21. c4 Qf6 22. e4 Ne6 23. d5 Nf4 24. Qf3 O-O-O 25. Kh1 Rg8 26. g3 Nh3 27. Qxf6 Bxf6 28. f4 Bd4 29. Kg2 1-0


[Site "https://www.chess.com"]

[Event "Titled Tuesday Blitz March 22 Early 2022"]
[White "Pajeken, Jakob Leon"]
[Black "Kobalia, Mikhail"]
[WhiteFideId "12942839"]
[BlackFideId "4119150"]
[WhiteElo "2351"]
[BlackElo "2667"]
[Result "0-1"]
[Round "04"]
[TimeControl "180+1"]
[Date "2022.03.22"]
[WhiteClock "0:00:29"]
[BlackClock "0:00:54"]

1. d4 Nf6 2. Nf3 g6 3. g3 Bg7 4. Bg2 O-O 5. O-O d6 6. b3 Ne4 7. Bb2 Nc6 8. Nbd2 f5 9. Ne1 Nxd2 10. Qxd2 e5 11. dxe5 dxe5 12. Bd5+ Kh8 13. Rd1 Nd4 14. Bg2 Qe7 15. e3 Nc6 16. Bxc6 bxc6 17. Qa5 f4 18. Ba3 Qf7 19. Bxf8 Qxf8 20. exf4 exf4 21. Ng2 Bh3 22. Nxf4 Bxf1 23. Rxf1 Qd6 24. Re1 Bd4 25. Re6 Qd7 26. Qa4 g5 27. Re4 Bb6 28. Ne6 Qd2 29. Nd4 Rf8 0-1


[Site "https://www.chess.com"]

[Event "Titled Tuesday Blitz March 22 Early 2022"]
[White "Perez Gormaz, Matias"]
[Black "Begunov, Konstantin"]
[WhiteFideId "3406342"]
[BlackFideId "4118510"]
[WhiteElo "2327"]
[BlackElo "2262"]
[Result "1-0"]
[Round "04"]
[TimeControl "180+1"]
[Date "2022.03.22"]
[WhiteClock "0:00:17"]
[BlackClock "0:00:13"]

1. e4 c5 2. Nf3 d6 3. d4 cxd4 4. Nxd4 Nf6 5. Nc3 a6 6. Bg5 e6 7. f4 Qb6 8. Nb3 Nbd7 9. Qe2 Be7 10. O-O-O Qc7 11. g4 b5 12. a3 Bb7 13. Bg2 Nc5 14. Nd4 h6 15. Bh4 Nfxe4 16. Nxe4 Bxh4 17. Nxe6 Nxe6 18. Nxd6+ Kf8 19. Bxb7 Rd8 20. Nf5 Qxf4+ 21. Kb1 Bf6 22. Rhe1 Rxd1+ 23. Qxd1 g6 24. Nd6 Kg7 25. Bd5 Ng5 26. Bb3 Rd8 27. Ne8+ Kf8 28. Qe2 Nf3 29. Nxf6 Nxe1 30. Nd5 Qd4 31. Qe7+ Kg7 32. Qxd8 Qd1+ 33. Ka2 Nf3 34. Qf6+ Kf8 35. Qh8# 1-0


[Site "https://www.chess.com"]

[Event "Titled Tuesday Blitz March 22 Early 2022"]
[White "Pesotskiy, Mikhail"]
[Black "Cupid, Kevin"]
[WhiteFideId "34164453"]
[BlackFideId "7700512"]
[WhiteElo "2010"]
[BlackElo "2096"]
[Result "1-0"]
[Round "04"]
[TimeControl "180+1"]
[Date "2022.03.22"]
[WhiteClock "0:00:17"]
[BlackClock "0:00:08"]

1. d4 Nf6 2. c4 e6 3. Nc3 Bb4 4. Qc2 d5 5. a3 Bxc3+ 6. Qxc3 Nbd7 7. Nf3 Ne4 8. Qc2 f5 9. e3 O-O 10. Bd3 Ndf6 11. Ne5 c6 12. f3 Nd6 13. O-O dxc4 14. Nxc4 Nxc4 15. Bxc4 Kh8 16. Bd2 a5 17. Bc3 Qd6 18. e4 Nh5 19. Rad1 Qe7 20. Kh1 Qh4 21. Qf2 Qg5 22. Bd2 f4 23. Bc3 Ng3+ 24. Kg1 Nxf1 25. Rxf1 b5 26. Bb3 Qe7 27. Qd2 Qa7 28. Kh1 Bd7 29. d5 exd5 30. exd5 c5 31. Re1 b4 32. Be5 Rae8 33. h3 Qa6 34. Re4 bxa3 35. bxa3 Qb5 36. Bc4 Qb1+ 37. Kh2 Bf5 38. Qc3 Bxe4 39. Bxg7+ Kg8 40. d6+ Rf7 41. d7 Rd8 42. Bxf7+ Kxf7 43. Qf6+ Kg8 44. Qxd8+ Kxg7 45. Qe7+ Kh6 46. Qf6+ Bg6 47. d8=Q Qc1 48. Qg5+ Kg7 49. Qd7+ 1-0


[Site "https://www.chess.com"]

[Event "Titled Tuesday Blitz March 22 Early 2022"]
[White "Petrova, Irina"]
[Black "Hoeffer, David"]
[WhiteFideId "14124122"]
[BlackFideId "24606766"]
[WhiteElo "1993"]
[BlackElo "2301"]
[Result "1/2-1/2"]
[Round "04"]
[TimeControl "180+1"]
[Date "2022.03.22"]
[WhiteClock "0:00:21"]
[BlackClock "0:01:09"]

1. e4 e5 2. Nf3 Nc6 3. Bb5 a6 4. Ba4 Nf6 5. d3 b5 6. Bb3 Bc5 7. Nc3 O-O 8. Nd5 h6 9. c3 Bb6 10. Nxb6 cxb6 11. Be3 d5 12. exd5 Nxd5 13. h3 Nxe3 14. fxe3 e4 15. dxe4 Qe7 16. Bd5 Bb7 17. O-O Rad8 18. Nd4 Nxd4 19. exd4 Bxd5 20. exd5 Rxd5 21. Qf3 Qd6 22. Rae1 b4 23. Re8 Rxe8 24. Qxf7+ Kh7 25. Qxe8 bxc3 26. bxc3 Rg5 27. Qe4+ Kg8 28. Qa8+ Kh7 29. Rf8 Qe6 30. Rh8+ Kg6 31. Qe8+ Qxe8 32. Rxe8 Ra5 33. Re6+ Kf5 34. Rxb6 Rxa2 35. c4 a5 36. c5 Ke4 37. Ra6 Kxd4 38. c6 Rc2 39. Rxa5 Rxc6 40. Ra7 g5 41. Re7 Kd5 42. Kh2 Kd6 43. Re8 Kd7 44. Re2 Re6 45. Ra2 Ke7 46. Kg3 Kf6 47. Kg4 Kg6 48. Kf3 Rb6 49. Kg3 h5 50. Kh2 h4 51. g3 hxg3+ 52. Kxg3 Rb3+ 53. Kg2 Kh5 54. Ra8 Rb2+ 55. Kg3 Rb3+ 56. Kg2 Rb2+ 57. Kg3 Rb3+ 58. Kg2 1/2-1/2


[Site "https://www.chess.com"]

[Event "Titled Tuesday Blitz March 22 Early 2022"]
[White "Pinheiro, Iung Alicio de O."]
[Black "Dushyant Sharma"]
[WhiteFideId "2104350"]
[BlackFideId "25065130"]
[WhiteElo "2535"]
[BlackElo "2105"]
[Result "0-1"]
[Round "04"]
[TimeControl "180+1"]
[Date "2022.03.22"]
[WhiteClock "0:00:04"]
[BlackClock "0:00:50"]

1. c4 e6 2. g3 d5 3. Bg2 Nf6 4. Nf3 Be7 5. O-O O-O 6. b3 c5 7. e3 Nc6 8. Bb2 b6 9. Nc3 Ba6 10. Qe2 d4 11. Nb5 d3 12. Qd1 Rc8 13. Ne5 Nxe5 14. Bxe5 Nd7 15. Bc3 Bf6 16. Nxa7 Rc7 17. Nc6 Qe8 18. Bxf6 gxf6 19. Qg4+ Kh8 20. Qf4 e5 21. Qf5 Qe6 22. Qh5 e4 23. b4 Bxc4 24. f3 Rxc6 25. fxe4 Ne5 26. Rf5 cxb4 27. Raf1 Bxa2 28. Qh6 Rg8 29. Rxf6 Qxf6 30. Rxf6 Ng4 31. Rxc6 Nxh6 32. Rxh6 Rb8 33. e5 b3 34. Be4 b2 35. Rxh7+ Kg8 36. Bxd3 b1=Q+ 37. Bxb1 Bxb1 38. Rh6 Bg6 39. d4 b5 40. Rh4 b4 41. e4 b3 42. e6 fxe6 43. Rg4 Kh7 44. Rh4+ Kg7 45. Rf4 b2 0-1


[Site "https://www.chess.com"]

[Event "Titled Tuesday Blitz March 22 Early 2022"]
[White "Popadic, Dragan"]
[Black "Bodnaruk, Anastasia"]
[WhiteFideId "913650"]
[BlackFideId "4181751"]
[WhiteElo "2222"]
[BlackElo "2393"]
[Result "0-1"]
[Round "04"]
[TimeControl "180+1"]
[Date "2022.03.22"]
[WhiteClock "0:00:44"]
[BlackClock "0:00:14"]

1. e4 c5 2. Nc3 d6 3. f4 g6 4. Nf3 Bg7 5. Bc4 Nc6 6. d3 e6 7. O-O Nge7 8. Qe1 O-O 9. f5 gxf5 10. Qh4 Ng6 11. Qh5 Nce5 12. exf5 exf5 13. Ng5 h6 14. Nh3 Nxc4 15. dxc4 Qh4 16. Qd1 Be6 17. Nd5 Qxc4 18. Ndf4 Rad8 19. c3 d5 20. Qh5 Ne5 21. Nxe6 fxe6 22. Bxh6 Qg4 23. Qxg4 Nxg4 24. Bxg7 Kxg7 25. Nf4 Rfe8 26. Rfe1 e5 27. Nd3 c4 28. Nf2 Nxf2 29. Kxf2 d4 30. g3 Kf6 31. Rad1 d3 32. Ke3 Rh8 33. h4 Rdg8 34. Rg1 Rg4 35. b3 b5 36. a4 a6 37. axb5 axb5 38. bxc4 bxc4 39. Ra1 Rhg8 40. Ra6+ Ke7 41. Kf2 f4 42. Rb1 fxg3+ 43. Kg2 Rd8 44. Rh6 Rg7 45. Rb7+ Rd7 46. Rbb6 d2 47. Rhe6+ Kd8 48. Rb8+ Kc7 49. Reb6 d1=Q 50. R8b7+ Kd8 51. Rb8+ Ke7 0-1


[Site "https://www.chess.com"]

[Event "Titled Tuesday Blitz March 22 Early 2022"]
[White "Pourkashiyan, Atousa"]
[Black "Goriatchkin, Jouri"]
[WhiteFideId "12502014"]
[BlackFideId "4120183"]
[WhiteElo "2247"]
[BlackElo "1555"]
[Result "1-0"]
[Round "04"]
[TimeControl "180+1"]
[Date "2022.03.22"]
[WhiteClock "0:00:14"]
[BlackClock "0:00:03"]

1. e4 c6 2. d4 d5 3. Nc3 dxe4 4. Nxe4 Nf6 5. Nxf6+ exf6 6. c3 Bd6 7. Bc4 O-O 8. Ne2 Re8 9. Be3 Be6 10. Bd3 Nd7 11. Qc2 Nf8 12. O-O Qd7 13. Rfe1 Rad8 14. Ng3 Bb8 15. a4 Qd6 16. Nf1 g6 17. a5 f5 18. f4 f6 19. g3 h6 20. Nd2 Bf7 21. Bf1 b5 22. axb6 axb6 23. Nc4 Qc7 24. Nd2 b5 25. Bg2 Bd5 26. Bxd5+ cxd5 27. Qb3 Qc6 28. Bf2 Rxe1+ 29. Rxe1 Bd6 30. Nf1 Kf7 31. Ne3 Be7 32. Ra1 Ne6 33. Ra7 Nc7 34. Rxc7 Qxc7 35. Nxd5 Qd6 36. Ne3+ Kf8 37. Qxb5 Qd7 38. Qxd7 Rxd7 39. Kf1 Rb7 40. Nc4 Rc7 41. b3 Kf7 42. Ke2 Ke6 43. Kd3 Kd5 44. Ne3+ Ke6 45. d5+ Kd7 46. c4 Bb4 47. Nc2 Bd6 48. Bd4 Ke7 49. b4 Kf7 50. c5 Bf8 51. d6 Rc8 52. Ne3 Ke8 53. Nd5 Kd7 54. Nxf6+ Kc6 55. d7 Rd8 56. Kc4 Be7 57. b5+ Kc7 58. Be5+ Kb7 59. c6+ Kb6 60. Nd5+ Ka7 61. Nxe7 1-0


[Site "https://www.chess.com"]

[Event "Titled Tuesday Blitz March 22 Early 2022"]
[White "Pranav, V"]
[Black "Akobian, Varuzhan"]
[WhiteFideId "25060783"]
[BlackFideId "13300580"]
[WhiteElo "2349"]
[BlackElo "2634"]
[Result "0-1"]
[Round "04"]
[TimeControl "180+1"]
[Date "2022.03.22"]
[WhiteClock "0:00:12"]
[BlackClock "0:01:03"]

1. e4 e6 2. d4 d5 3. Nc3 Nf6 4. e5 Nfd7 5. f4 c5 6. Nf3 Nc6 7. Be3 cxd4 8. Nxd4 Bc5 9. Qd2 O-O 10. O-O-O a6 11. h4 Nxd4 12. Bxd4 b5 13. h5 b4 14. Ne2 a5 15. Qe3 Qc7 16. h6 g6 17. Bxc5 Nxc5 18. Nd4 Ba6 19. Bxa6 Rxa6 20. Kb1 Ne4 21. Rhe1 a4 22. Qh3 a3 23. Qh4 axb2 24. Rxe4 Rxa2 25. c4 Qxc4 26. Nc2 Ra1+ 27. Nxa1 bxa1=Q+ 28. Kxa1 Ra8+ 29. Kb1 Qxe4+ 30. Kb2 Qe2+ 31. Kc1 Ra1# 0-1


[Site "https://www.chess.com"]

[Event "Titled Tuesday Blitz March 22 Early 2022"]
[White "Prohorov, Olexandr"]
[Black "Orlov, Georgi"]
[WhiteFideId "14105578"]
[BlackFideId "2011271"]
[WhiteElo "1993"]
[BlackElo "2544"]
[Result "0-1"]
[Round "04"]
[TimeControl "180+1"]
[Date "2022.03.22"]
[WhiteClock "0:00:43"]
[BlackClock "0:00:19"]

1. Nf3 Nf6 2. c4 e6 3. Nc3 Bb4 4. g4 d5 5. g5 Ne4 6. Qc2 Nxg5 7. Nxg5 Qxg5 8. cxd5 exd5 9. Qb3 Bxc3 10. dxc3 Qe5 11. Be3 Nc6 12. O-O-O O-O 13. Qxd5 Qxd5 14. Rxd5 Be6 15. Rd2 Bxa2 16. Bg2 Na5 17. Kc2 Bb3+ 18. Kb1 Rfd8 19. Be4 Rxd2 20. Bxd2 c6 21. Rg1 Re8 22. f3 Bd5 23. Bd3 f6 24. Rg4 b5 25. Kc2 Bb3+ 26. Kc1 Bc4 27. b4 Nb3+ 28. Kc2 Nxd2 29. Kxd2 Bxd3 30. Kxd3 Rd8+ 31. Kc2 Kf7 32. Rh4 h6 33. Rh5 Rd5 34. Rh4 h5 35. Re4 Re5 36. Rxe5 fxe5 37. Kd3 g5 38. Ke4 Kf6 39. h3 Ke6 40. e3 Kf6 41. f4 exf4 42. exf4 g4 43. hxg4 hxg4 44. f5 g3 45. Kf3 Kxf5 46. Kxg3 Ke4 47. Kf2 Kd3 0-1


[Site "https://www.chess.com"]

[Event "Titled Tuesday Blitz March 22 Early 2022"]
[White "Quirke, Jeffrey"]
[Black "Budrewicz, Krzysztof"]
[WhiteFideId "2013029"]
[BlackFideId "1127950"]
[WhiteElo "2230"]
[BlackElo "2248"]
[Result "0-1"]
[Round "04"]
[TimeControl "180+1"]
[Date "2022.03.22"]
[WhiteClock "0:00:01"]
[BlackClock "0:01:29"]

1. c4 Nf6 2. g3 g6 3. Bg2 Bg7 4. Nc3 O-O 5. Nf3 d6 6. O-O Nc6 7. d3 e5 8. b3 h5 9. Bb2 Bd7 10. e4 Nh7 11. Nd5 Ne7 12. h3 c6 13. Nxe7+ Qxe7 14. d4 a5 15. Re1 a4 16. Rb1 axb3 17. axb3 Ra2 18. Qc2 exd4 19. Ra1 Rxa1 20. Rxa1 c5 21. Ne1 Bc6 22. f3 h4 23. g4 Ng5 24. Nd3 f5 25. Nf4 Qf7 26. exf5 gxf5 27. Nd5 Bxd5 28. cxd5 fxg4 29. fxg4 Qf4 0-1


[Site "https://www.chess.com"]

[Event "Titled Tuesday Blitz March 22 Early 2022"]
[White "Rodrigue-Lemieux, Shawn"]
[Black "Nepomniachtchi, Ian"]
[WhiteFideId "2620049"]
[BlackFideId "4168119"]
[WhiteElo "1763"]
[BlackElo "2740"]
[Result "0-1"]
[Round "04"]
[TimeControl "180+1"]
[Date "2022.03.22"]
[WhiteClock "0:00:30"]
[BlackClock "0:01:44"]

1. c4 e5 2. g3 Nc6 3. Bg2 h5 4. h3 Bc5 5. Nc3 d6 6. Nf3 Be6 7. d3 a6 8. a3 Nge7 9. b4 Ba7 10. Ng5 Bf5 11. Nd5 f6 12. Ne4 Nxd5 13. cxd5 Ne7 14. Nc3 Qd7 15. Bb2 Bg6 16. Rc1 h4 17. g4 f5 18. e3 O-O 19. gxf5 Nxf5 20. Ne4 Qf7 21. O-O Bh5 22. Bf3 Qg6+ 23. Kh2 Bxf3 24. Qxf3 Nxe3 25. fxe3 Rxf3 26. Rxf3 Rf8 27. Rxf8+ Kxf8 28. Rxc7 Bxe3 29. Rc8+ Ke7 30. Rc7+ Kd8 31. Rxb7 Qg1# 0-1


[Site "https://www.chess.com"]

[Event "Titled Tuesday Blitz March 22 Early 2022"]
[White "Rosenberg, Evan S"]
[Black "Flis, Pawel"]
[WhiteFideId "2019299"]
[BlackFideId "1112864"]
[WhiteElo "2293"]
[BlackElo "1735"]
[Result "1-0"]
[Round "04"]
[TimeControl "180+1"]
[Date "2022.03.22"]
[WhiteClock "0:00:19"]
[BlackClock "0:00:10"]

1. d4 Nf6 2. Nf3 g6 3. Nc3 d5 4. Bf4 Bg7 5. Nb5 Na6 6. e3 O-O 7. h3 c6 8. Na3 Qb6 9. Rb1 Bf5 10. Bd3 Bxd3 11. cxd3 Nb4 12. Qb3 a5 13. Nc2 Nxc2+ 14. Qxc2 Qb4+ 15. Qc3 Nd7 16. O-O Rfe8 17. a3 Qb5 18. Ne5 Nxe5 19. Bxe5 f6 20. Bg3 e5 21. dxe5 fxe5 22. e4 d4 23. Qc2 a4 24. f4 exf4 25. Bxf4 Rf8 26. Bd6 Rxf1+ 27. Rxf1 Bf8 28. Bxf8 Rxf8 29. Rxf8+ Kxf8 30. Qf2+ Ke7 31. Qxd4 Qb3 32. Qg7+ Ke6 33. Qg8+ Ke5 34. Qxb3 axb3 35. Kf2 Kf4 36. g3+ Ke5 37. Ke3 c5 38. a4 b6 39. g4 g5 40. Ke2 Kd4 41. Kd2 c4 42. dxc4 Kxc4 43. e5 Kd5 44. Kc3 Kxe5 45. Kb4 Kd4 46. Kxb3 Kc5 47. Kc3 Kd5 48. Kb4 Kc6 49. b3 Kb7 50. Kb5 Kc7 51. b4 Kb7 52. a5 bxa5 53. bxa5 Ka7 54. a6 Kb8 55. Kb6 Ka8 56. a7 h6 57. Kc6 Kxa7 58. Kd6 Kb6 59. Ke6 Kc6 60. Kf6 Kd6 61. Kg6 Ke5 62. Kxh6 Kf4 63. Kh5 Kg3 64. Kxg5 Kxh3 65. Kh5 Kg3 66. g5 Kf4 67. g6 Ke5 68. g7 Ke6 69. g8=Q+ Ke7 70. Qg6 Kd7 71. Qf6 Kc7 72. Qe6 Kb7 73. Qd6 Ka8 74. Qd7 Kb8 75. Kg6 Ka8 76. Kf6 Kb8 77. Ke6 Ka8 78. Kd6 Kb8 79. Kc6 Ka8 80. Qb7# 1-0


[Site "https://www.chess.com"]

[Event "Titled Tuesday Blitz March 22 Early 2022"]
[White "Rudykh, Stepan"]
[Black "Purtseladze, Maka"]
[WhiteFideId "4180321"]
[BlackFideId "13602659"]
[WhiteElo "2119"]
[BlackElo "2224"]
[Result "1-0"]
[Round "04"]
[TimeControl "180+1"]
[Date "2022.03.22"]
[WhiteClock "0:00:07"]
[BlackClock "0:00:04"]

1. e4 c6 2. d4 d5 3. Nc3 dxe4 4. Nxe4 Nf6 5. Nxf6+ exf6 6. c3 Bd6 7. Bd3 O-O 8. Qc2 Re8+ 9. Ne2 h5 10. h3 Nd7 11. Bh7+ Kh8 12. Be4 Nf8 13. Be3 Qa5 14. O-O Bd7 15. Nf4 g6 16. Nd3 f5 17. Bf3 Qc7 18. c4 f4 19. Bd2 Bf5 20. Bc3 Kg8 21. Rad1 Rad8 22. Qb3 Be7 23. d5 c5 24. Rfe1 Bd6 25. Bf6 Rb8 26. Qc3 Nd7 27. Bh8 f6 28. Bxf6 Nxf6 29. Qxf6 Rxe1+ 30. Nxe1 Rf8 31. Qc3 Be5 32. Qc1 Qd6 33. Nd3 Bxd3 34. Rxd3 Bd4 35. Be4 Kg7 36. Rf3 Qe5 37. Qc2 Rf6 38. Kh2 Rb6 39. b3 g5 40. g3 Rf6 41. a3 g4 42. hxg4 hxg4 43. gxf4 Rxf4 44. Rxf4 Qxf4+ 45. Kg2 Bxf2 46. Qxf2 Qxe4+ 47. Kg3 Qd3+ 48. Kxg4 Qxb3 49. Qf4 Qd1+ 50. Kf5 Qd3+ 51. Ke6 Qg6+ 52. Kd7 Qa6 53. Qe5+ Kf8 54. Qd6+ Qxd6+ 55. Kxd6 Ke8 56. Kxc5 Kd7 57. Kd4 b6 58. Ke5 Ke7 59. Kd4 Kd6 60. Kc3 Kc5 61. Kb3 a6 62. Ka4 b5+ 63. cxb5 axb5+ 64. Ka5 b4 65. axb4+ Kxd5 66. b5 Kd6 67. Ka6 Kc7 68. Ka7 Kd6 69. b6 Kc5 70. b7 Kc6 71. b8=Q 1-0


[Site "https://www.chess.com"]

[Event "Titled Tuesday Blitz March 22 Early 2022"]
[White "Ruge, Edison"]
[Black "Atakhan, Abtin"]
[WhiteFideId "4401000"]
[BlackFideId "22502203"]
[WhiteElo "2175"]
[BlackElo "2119"]
[Result "0-1"]
[Round "04"]
[TimeControl "180+1"]
[Date "2022.03.22"]
[WhiteClock "0:01:30"]
[BlackClock "0:01:19"]

1. e4 c5 2. Nf3 Nc6 3. d3 g6 4. g3 Bg7 5. Bg2 d6 6. O-O e6 7. h3 Nge7 8. h4 h6 9. h5 g5 10. Nh2 b5 11. Nc3 b4 12. Ne2 Rb8 13. Rb1 Nd4 14. f4 Nec6 15. Be3 Nxe2+ 16. Qxe2 Nd4 17. Qd1 gxf4 18. Bxf4 Rg8 19. Ng4 e5 20. Bxh6 Bxh6 21. Nxh6 Rxg3 22. Nxf7 Qh4 23. Nxd6+ Ke7 24. Nf5+ Bxf5 25. exf5 Rxg2+ 26. Kxg2 Rg8+ 0-1


[Site "https://www.chess.com"]

[Event "Titled Tuesday Blitz March 22 Early 2022"]
[White "Sadovsky, Artem"]
[Black "Bongo Akanga Ndjila, Barthelemy"]
[WhiteFideId "4155840"]
[BlackFideId "10609431"]
[WhiteElo "2314"]
[BlackElo "1803"]
[Result "1-0"]
[Round "04"]
[TimeControl "180+1"]
[Date "2022.03.22"]
[WhiteClock "0:00:55"]
[BlackClock "0:00:01"]

1. Nf3 d5 2. e3 Bg4 3. c4 c6 4. Qb3 Qb6 5. Ne5 Be6 6. cxd5 Bxd5 7. Qxb6 axb6 8. Nc3 Be6 9. d4 Nd7 10. Nd3 Ngf6 11. Nf4 Bf5 12. f3 g5 13. Nd3 e6 14. e4 Bg6 15. Bxg5 Bg7 16. Be3 h6 17. Be2 Ke7 18. g4 Ne8 19. h4 h5 20. g5 Nd6 21. Nf4 e5 22. Nxg6+ fxg6 23. d5 b5 24. dxc6 bxc6 25. O-O b4 26. Nd1 Nf8 27. Bc5 Rb8 28. Ne3 Ne6 29. Bxd6+ Kxd6 30. Rfd1+ Ke7 31. Rac1 Nd4 32. Kf2 Rhc8 33. Nc4 Ra8 34. Nb6 Rab8 35. Nxc8+ Rxc8 36. Bc4 Kd6 37. Bf7 Rf8 38. Bxg6 Rxf3+ 39. Kg2 Rf4 40. Bxh5 Rxh4 41. Bf3 Rf4 42. Rd3 Bf8 43. Rh1 Be7 44. Rh6+ Kc5 45. g6 Bg5 46. Rh5 Bf6 47. Kg3 Kc4 48. Rxd4+ 1-0


[Site "https://www.chess.com"]

[Event "Titled Tuesday Blitz March 22 Early 2022"]
[White "Sailer, Mike"]
[Black "Gunina, Valentina"]
[WhiteFideId "2012901"]
[BlackFideId "4167570"]
[WhiteElo "2109"]
[BlackElo "2436"]
[Result "1-0"]
[Round "04"]
[TimeControl "180+1"]
[Date "2022.03.22"]
[WhiteClock "0:01:03"]
[BlackClock "0:02:19"]

1. d4 d5 2. Nf3 Nf6 3. Bf4 c5 4. e3 cxd4 5. exd4 Nc6 6. c3 Bf5 7. Be2 e6 8. O-O Bd6 9. Ne5 O-O 10. Nd2 Qc7 11. Ndf3 Ne4 12. Bd3 f6 13. Nxc6 Bxf4 14. Nb4 a5 15. Nc2 Bg4 16. h3 Bxf3 17. Qxf3 Nd2 18. Qe2 Nxf1 19. Qxe6+ Qf7 20. Qf5 Bh2+ 21. Kxf1 g6 22. Qf3 Bc7 23. Ne3 Rfd8 24. c4 Bb6 25. Ng4 Bxd4 26. Nh6+ 1-0


[Site "https://www.chess.com"]

[Event "Titled Tuesday Blitz March 22 Early 2022"]
[White "Salinas Herrera, Pablo"]
[Black "Altman, Joshua"]
[WhiteFideId "3407128"]
[BlackFideId "426210"]
[WhiteElo "2541"]
[BlackElo "1945"]
[Result "1-0"]
[Round "04"]
[TimeControl "180+1"]
[Date "2022.03.22"]
[WhiteClock "0:00:10"]
[BlackClock "0:00:07"]

1. d4 Nf6 2. Nf3 e6 3. Bf4 b6 4. e3 Bb7 5. Nbd2 Be7 6. Bd3 O-O 7. e4 c5 8. c3 cxd4 9. cxd4 d6 10. O-O Nbd7 11. Re1 Re8 12. Rc1 Rc8 13. Qa4 a6 14. h3 b5 15. Qb3 Nb6 16. Be3 d5 17. e5 Nfd7 18. Nf1 Nc4 19. Bb1 Qb6 20. Ng3 Nf8 21. Nh2 a5 22. Ng4 a4 23. Qd1 Nxb2 24. Qf3 Rxc1 25. Rxc1 Rc8 26. Rxc8 Bxc8 27. Nh5 Qa5 28. Kh2 Ng6 29. Bh6 Bf8 30. Bxg7 Bxg7 31. Nxg7 Qd2 32. Nh5 Qxd4 33. Nh6+ Kh8 34. Nxf7+ Kg8 35. Nh6+ Kh8 36. Qf6# 1-0


[Site "https://www.chess.com"]

[Event "Titled Tuesday Blitz March 22 Early 2022"]
[White "Samaganova, Aleksandra"]
[Black "Santos Flores, Alberto"]
[WhiteFideId "13800221"]
[BlackFideId "3601234"]
[WhiteElo "1859"]
[BlackElo "2235"]
[Result "1/2-1/2"]
[Round "04"]
[TimeControl "180+1"]
[Date "2022.03.22"]
[WhiteClock "0:00:04"]
[BlackClock "0:00:03"]

1. c4 c6 2. Nf3 d5 3. e3 Nf6 4. Nc3 a6 5. d4 Bf5 6. cxd5 cxd5 7. Bd3 Bxd3 8. Qxd3 e6 9. O-O Be7 10. e4 dxe4 11. Nxe4 O-O 12. Rd1 Nc6 13. a3 Nd5 14. h3 Qb6 15. b4 Rac8 16. Rb1 Rfd8 17. Be3 Qb5 18. Qb3 a5 19. bxa5 Qxb3 20. Rxb3 Nxa5 21. Rbd3 Nc4 22. Rb1 b6 23. Bc1 Ra8 24. Ne5 Nxa3 25. Rbb3 Nc2 26. Bb2 Rdc8 27. Nd7 Rc6 28. Rg3 Ra7 29. Ne5 Rc8 30. Rgf3 f6 31. Nd3 Rac7 32. Nf4 Nxf4 33. Rxf4 Nb4 34. Ba3 Nd5 35. Rff3 Bxa3 36. Rxa3 Kf7 37. Nd6+ Ke7 38. Nxc8+ Rxc8 39. Ra7+ Rc7 40. Rfa3 Kd6 41. Rxc7 Nxc7 42. Kf1 Nb5 43. Rg3 g5 44. h4 h6 45. hxg5 hxg5 46. Rg4 Kd5 47. Ke2 Nxd4+ 48. Kd3 Nc6 49. Kc3 b5 50. Rg3 b4+ 51. Kb2 Ke4 52. Re3+ Kf5 53. Re1 e5 54. Rh1 Nd4 55. Rh8 b3 56. Rd8 g4 57. Rf8 Kg5 58. Rg8+ Kf5 59. Rf8 Kg5 60. Rg8+ Kf5 61. Rf8 1/2-1/2


[Site "https://www.chess.com"]

[Event "Titled Tuesday Blitz March 22 Early 2022"]
[White "Sanal, Vahap"]
[Black "Gubanov, Oleg"]
[WhiteFideId "6300545"]
[BlackFideId "14115115"]
[WhiteElo "2603"]
[BlackElo "2080"]
[Result "1-0"]
[Round "04"]
[TimeControl "180+1"]
[Date "2022.03.22"]
[WhiteClock "0:00:55"]
[BlackClock "0:00:01"]

1. e4 Nf6 2. e5 Nd5 3. d4 d6 4. c4 Nb6 5. exd6 cxd6 6. Nc3 g6 7. Be3 Bg7 8. Rc1 O-O 9. b3 e5 10. dxe5 dxe5 11. Qxd8 Rxd8 12. c5 N6d7 13. Bc4 Nc6 14. Nge2 Na5 15. Nd5 Nxc4 16. Rxc4 h6 17. O-O Nf8 18. Nc7 Rb8 19. Nc3 Ne6 20. N7b5 Nd4 21. Nd6 Be6 22. Ra4 b6 23. Rxa7 bxc5 24. Nde4 c4 25. Nc5 cxb3 26. axb3 Bxb3 27. Nxb3 Rxb3 28. Ne4 f5 29. Nc5 Rb6 30. h4 f4 31. Bxd4 exd4 32. Rd1 f3 33. gxf3 Rd5 34. Ne4 d3 35. Kg2 Rb2 36. Rc1 Rd8 37. Rcc7 Bd4 38. Rd7 Rxd7 39. Rxd7 Rb4 40. f4 Kf8 41. Kf3 Ke8 42. Rd6 Kf7 43. Nd2 Ke7 44. Rxg6 Rb2 45. Ne4 d2 46. Rg1 Rb3+ 47. Ke2 Rh3 48. Ng3 Kf6 49. Rd1 Rxh4 50. Kf3 Bc5 51. Ne4+ 1-0


[Site "https://www.chess.com"]